SA
BELLEVUE BRUINS @ SYRACUSE STORM
08/09/2027
 
TOP OF THE 1ST
Bellevue Bruins batting - Pitching for Syracuse Storm : LHP António Muñóz
Pitching: LHP António Muñóz
Batting: RHB Eugene Parkinson 0-0: Called Strike
0-1: Ball
1-1: Called Strike
1-2: Ball
2-2: Strikes out looking
Batting: RHB Ernesto Bea 0-0: Ball
1-0: Called Strike
1-1: Ground out 5-3 (Groundball, 5S)
Batting: RHB Sancho Tornero 0-0: Ball
1-0: Ball
2-0: Ground out 1-3 (Groundball, P)
Top of the 1st over - 0 run(s), 0 hit(s), 0 error(s), 0 left on base; Bellevue 0 - Syracuse 0
BOTTOM OF THE 1ST
Syracuse Storm batting - Pitching for Bellevue Bruins : RHP Loren Berdine
Pitching: RHP Loren Berdine
Batting: RHB Tom Boyer 0-0: Swinging Strike
0-1: Ball
1-1: Ball
2-1: Called Strike
2-2: Strikes out looking
Batting: LHB António Paez 0-0: SINGLE (Line Drive, 78M)
Batting: RHB Gordon Freeman 0-0: Swinging Strike
0-1: Swinging Strike
0-2: Fly out, F3 (Popup, 3L)
Batting: RHB Jerry Bowen 0-0: Foul Ball, location: 2F
0-1: Foul Ball, location: 2F
0-2: Ball
António Paez steals 2nd base
1-2: Ground out 5-3 (Groundball, 56)
Bottom of the 1st over - 0 run(s), 1 hit(s), 0 error(s), 1 left on base; Bellevue 0 - Syracuse 0
TOP OF THE 2ND
Bellevue Bruins batting - Pitching for Syracuse Storm : LHP António Muñóz
Batting: RHB Miguel Elías 0-0: Swinging Strike
0-1: Swinging Strike
0-2: Strikes out swinging
Batting: RHB Ramón Ramírez 0-0: Called Strike
0-1: Ball
1-1: Called Strike
1-2: Ball
2-2: Ground out 6-3 (Groundball, 6)
Batting: LHB Phil Minor 0-0: Called Strike
0-1: Ball
1-1: Called Strike
1-2: Strikes out swinging
Top of the 2nd over - 0 run(s), 0 hit(s), 0 error(s), 0 left on base; Bellevue 0 - Syracuse 0
BOTTOM OF THE 2ND
Syracuse Storm batting - Pitching for Bellevue Bruins : RHP Loren Berdine
Batting: RHB Jim Unknown 0-0: Called Strike
0-1: Ball
1-1: Ball
2-1: Ball
3-1: Base on Balls
Batting: RHB Scotty Smalls 0-0: Called Strike
0-1: Called Strike
0-2: Foul Ball, location: 2F
0-2: Ball
1-2: Ball
2-2: Foul Ball, location: 2F
2-2: Grounds into double play, 6-4-3 (Groundball, 6)
Batting: RHB Vince Staples 0-0: Foul Ball, location: 2F
0-1: Fly out, F8 (Flyball, 8RS)
Bottom of the 2nd over - 0 run(s), 0 hit(s), 0 error(s), 0 left on base; Bellevue 0 - Syracuse 0
TOP OF THE 3RD
Bellevue Bruins batting - Pitching for Syracuse Storm : LHP António Muñóz
Batting: LHB Domingo Colón 0-0: Ball
1-0: Foul Ball, location: 2F
1-1: Swinging Strike
1-2: Strikes out swinging
Batting: SHB Jorge Ayala 0-0: Called Strike
0-1: Foul Ball, location: 2F
0-2: Strikes out swinging
Batting: LHB David Muller 0-0: Ball
1-0: Called Strike
1-1: Foul Ball, location: 2F
1-2: Ball
2-2: Foul Ball, location: 2F
2-2: Strikes out looking
Top of the 3rd over - 0 run(s), 0 hit(s), 0 error(s), 0 left on base; Bellevue 0 - Syracuse 0
BOTTOM OF THE 3RD
Syracuse Storm batting - Pitching for Bellevue Bruins : RHP Loren Berdine
Batting: RHB Tsuginori Kobayashi 0-0: Foul Ball, location: 2F
0-1: Swinging Strike
0-2: Ball
1-2: Ball
2-2: Ball
3-2: Fly out, F5 (Line Drive, 5)
Batting: RHB José Colón 0-0: Fly out, F7 (Flyball, 7)
Batting: RHB Tom Boyer 0-0: Swinging Strike
0-1: Ball
1-1: Foul Ball, location: 2F
1-2: Ball
2-2: Ground out 4-3 (Groundball, 34D)
Bottom of the 3rd over - 0 run(s), 0 hit(s), 0 error(s), 0 left on base; Bellevue 0 - Syracuse 0
TOP OF THE 4TH
Bellevue Bruins batting - Pitching for Syracuse Storm : LHP António Muñóz
Batting: RHB Eugene Parkinson 0-0: Foul Ball, location: 2F
0-1: Ball
1-1: Called Strike
1-2: Strikes out looking
Batting: RHB Ernesto Bea 0-0: Fly out, F8 (Flyball, 8LS)
Batting: RHB Sancho Tornero 0-0: Swinging Strike
0-1: Ball
1-1: Called Strike
1-2: Strikes out swinging
Top of the 4th over - 0 run(s), 0 hit(s), 0 error(s), 0 left on base; Bellevue 0 - Syracuse 0
BOTTOM OF THE 4TH
Syracuse Storm batting - Pitching for Bellevue Bruins : RHP Loren Berdine
Batting: LHB António Paez 0-0: Called Strike
0-1: SINGLE (Groundball, 4S) (infield hit)
Batting: RHB Gordon Freeman 0-0: Ball
1-0: Ball
2-0: Called Strike
2-1: Fly out, F9 (Flyball, 89M)
Batting: RHB Jerry Bowen 0-0: Ball
1-0: Called Strike
1-1: SINGLE (Groundball, 6MD)
António Paez to second
Batting: RHB Jim Unknown 0-0: Foul Ball, location: 2F
0-1: Ball
1-1: SINGLE (Line Drive, 7S)
António Paez to third
Jerry Bowen to second
Runner from 3rd tries for Home, SAFE, throw made home
Jerry Bowen to third
Jim Unknown to second
Batting: RHB Scotty Smalls 0-0: Called Strike
0-1: Ball
1-1: Foul Ball, location: 2F
1-2: Ball
2-2: Fly out, F7 (Flyball, 78M)
Runner from 3rd tags up, SCORES, throw made
Batting: RHB Vince Staples 0-0: Ball
1-0: Swinging Strike
1-1: Swinging Strike
1-2: Ground out 5-3 (Groundball, 56S)
Bottom of the 4th over - 2 run(s), 3 hit(s), 0 error(s), 1 left on base; Bellevue 0 - Syracuse 2
TOP OF THE 5TH
Bellevue Bruins batting - Pitching for Syracuse Storm : LHP António Muñóz
Batting: RHB Miguel Elías 0-0: Foul Ball, location: 2F
0-1: Ball
1-1: Called Strike
1-2: SINGLE (Groundball, 6MD)
Batting: RHB Ramón Ramírez 0-0: Ball
1-0: Called Strike
1-1: Foul Ball, location: 2F
1-2: Foul Ball, location: 2F
1-2: Ball
2-2: Fly out, F9 (Flyball, 9S)
Batting: LHB Phil Minor 0-0: Ball
1-0: Bunted foul
1-1: Swinging Strike
1-2: Foul Ball, location: 2F
1-2: Strikes out swinging
Batting: LHB Domingo Colón 0-0: Ball
1-0: Ball
2-0: Called Strike
2-1: Foul Ball, location: 2F
2-2: Foul Ball, location: 2F
2-2: Strikes out looking
Top of the 5th over - 0 run(s), 1 hit(s), 0 error(s), 1 left on base; Bellevue 0 - Syracuse 2
BOTTOM OF THE 5TH
Syracuse Storm batting - Pitching for Bellevue Bruins : RHP Loren Berdine
Batting: RHB Tsuginori Kobayashi 0-0: Called Strike
0-1: Called Strike
0-2: Strikes out swinging
Batting: RHB José Colón 0-0: Ball
1-0: Called Strike
1-1: Ball
2-1: Fly out, F9 (Line Drive, 89S)
Batting: RHB Tom Boyer 0-0: Ball
1-0: Called Strike
1-1: Ball
2-1: Ball
3-1: Fly out, F8 (Flyball, 8LD)
Bottom of the 5th over - 0 run(s), 0 hit(s), 0 error(s), 0 left on base; Bellevue 0 - Syracuse 2
TOP OF THE 6TH
Bellevue Bruins batting - Pitching for Syracuse Storm : LHP António Muñóz
Batting: SHB Jorge Ayala 0-0: SOLO HOME RUN (Flyball, 7D), Distance : 382 ft
Batting: LHB David Muller 0-0: Ball
1-0: Ball
2-0: Foul Ball, location: 2F
2-1: Foul Ball, location: 2F
2-2: Fly out, F6 (Popup, 56D)
Pitching: RHP Raúl Díaz
Batting: RHB Eugene Parkinson 0-0: Called Strike
0-1: Ground out 6-3 (Groundball, 6)
Batting: RHB Ernesto Bea 0-0: Ball
1-0: Ball
2-0: Ball
3-0: Foul Ball, location: 2F
3-1: Foul Ball, location: 2F
3-2: Base on Balls
Batting: RHB Sancho Tornero 0-0: Called Strike
0-1: Ball
1-1: Foul Ball, location: 2F
1-2: Ball
2-2: Ball
3-2: SINGLE (Groundball, 56D)
Ernesto Bea to second
Ernesto Bea to third
Batting: RHB Miguel Elías 0-0: SINGLE (Line Drive, 78S)
Ernesto Bea scores
Sancho Tornero to second
Batting: RHB Ramón Ramírez 0-0: TRIPLE (Flyball, 8RD)
Sancho Tornero scores
Miguel Elías scores
Pitching: LHP Alfonso Dolton
Batting: LHB Phil Minor 0-0: Called Strike
0-1: SINGLE (Groundball, 23) (infield hit)
Ramón Ramírez scores
Batting: LHB Domingo Colón 0-0: Ball
1-0: Ball
Wild Pitch!
Phil Minor to second
2-0: Called Strike
2-1: Foul Ball, location: 2F
2-2: Foul Ball, location: 2F
2-2: Strikes out swinging
Top of the 6th over - 5 run(s), 5 hit(s), 0 error(s), 1 left on base; Bellevue 5 - Syracuse 2
BOTTOM OF THE 6TH
Syracuse Storm batting - Pitching for Bellevue Bruins : RHP Loren Berdine
Batting: LHB António Paez 0-0: Called Strike
0-1: Ball
1-1: Ball
2-1: Ball
3-1: Swinging Strike
3-2: Strikes out swinging
Batting: RHB Gordon Freeman 0-0: Ball
1-0: Called Strike
1-1: Ball
2-1: Called Strike
2-2: Foul Ball, location: 2F
2-2: Ball
3-2: Base on Balls
Batting: RHB Jerry Bowen 0-0: Ball
1-0: Called Strike
1-1: Swinging Strike
1-2: Ground out 6-3 (Groundball, 6S)
Gordon Freeman to second
Batting: RHB Jim Unknown 0-0: Ball
1-0: Called Strike
1-1: Ball
2-1: Ball
3-1: Base on Balls
Batting: RHB Scotty Smalls 0-0: Called Strike
0-1: Ball
1-1: Ground out 1-3 (Groundball, 15S)
Bottom of the 6th over - 0 run(s), 0 hit(s), 0 error(s), 2 left on base; Bellevue 5 - Syracuse 2
TOP OF THE 7TH
Bellevue Bruins batting - Pitching for Syracuse Storm : LHP Alfonso Dolton
Batting: SHB Jorge Ayala 0-0: Ball
1-0: Called Strike
1-1: Ball
2-1: Called Strike
2-2: Ball
3-2: Strikes out swinging
Batting: LHB David Muller 0-0: Called Strike
0-1: Ball
1-1: Foul Ball, location: 2F
1-2: Strikes out swinging
Batting: RHB Eugene Parkinson 0-0: Ball
1-0: Ground out 6-3 (Groundball, 6MS)
Top of the 7th over - 0 run(s), 0 hit(s), 0 error(s), 0 left on base; Bellevue 5 - Syracuse 2
BOTTOM OF THE 7TH
Syracuse Storm batting - Pitching for Bellevue Bruins : RHP Loren Berdine
Batting: RHB Vince Staples 0-0: Foul Ball, location: 2F
0-1: Swinging Strike
0-2: Fly out, F8 (Flyball, 8LM)
Batting: RHB Tsuginori Kobayashi 0-0: Ball
1-0: Ball
2-0: Ground out 5-3 (Groundball, 5S)
Batting: RHB José Colón 0-0: Swinging Strike
0-1: Ball
1-1: Foul Ball, location: 2F
1-2: SINGLE (Groundball, 6MD)
Batting: RHB Tom Boyer 0-0: Called Strike
0-1: Ball
1-1: Ground out 4-3 (Groundball, 4M)
Bottom of the 7th over - 0 run(s), 1 hit(s), 0 error(s), 1 left on base; Bellevue 5 - Syracuse 2
TOP OF THE 8TH
Bellevue Bruins batting - Pitching for Syracuse Storm : LHP Alfonso Dolton
Batting: RHB Ernesto Bea 0-0: Ball
1-0: Swinging Strike
1-1: Ground out 6-3 (Groundball, 6)
Batting: RHB Sancho Tornero 0-0: Fly out, F9 (Flyball, 89M)
Batting: RHB Miguel Elías 0-0: Called Strike
0-1: Ball
1-1: Swinging Strike
1-2: Foul Ball, location: 2F
1-2: Foul Ball, location: 2F
1-2: Ball
2-2: Foul Ball, location: 2F
2-2: Foul Ball, location: 2F
2-2: Ball
3-2: Ground out 4-3 (Groundball, 4)
Top of the 8th over - 0 run(s), 0 hit(s), 0 error(s), 0 left on base; Bellevue 5 - Syracuse 2
BOTTOM OF THE 8TH
Syracuse Storm batting - Pitching for Bellevue Bruins : RHP Loren Berdine
Pitching: RHP Alfonso Santa Maria
Batting: LHB António Paez 0-0: Called Strike
0-1: Swinging Strike
0-2: Strikes out swinging
Batting: RHB Gordon Freeman 0-0: Ball
1-0: Foul Ball, location: 2F
1-1: Foul Ball, location: 2F
1-2: Ball
2-2: Strikes out swinging
Batting: RHB Jerry Bowen 0-0: Ball
1-0: Ground out 6-3 (Groundball, 56)
Bottom of the 8th over - 0 run(s), 0 hit(s), 0 error(s), 0 left on base; Bellevue 5 - Syracuse 2
TOP OF THE 9TH
Bellevue Bruins batting - Pitching for Syracuse Storm : LHP Alfonso Dolton
Pitching: RHP Francisco Castillo
Batting: RHB Ramón Ramírez 0-0: Ball
1-0: Ball
2-0: Foul Ball, location: 2F
2-1: Called Strike
2-2: Fly out, F7 (Flyball, 7)
Pitching: RHP Jim Unknown
Batting: LHB Phil Minor 0-0: Ball
1-0: Called Strike
1-1: Ball
2-1: Called Strike
2-2: Foul Ball, location: 2F
2-2: Strikes out swinging
Batting: LHB Domingo Colón 0-0: Foul Ball, location: 2F
0-1: Foul Ball, location: 2F
0-2: Strikes out swinging, 2-3 out at first.
Top of the 9th over - 0 run(s), 0 hit(s), 0 error(s), 0 left on base; Bellevue 5 - Syracuse 2
BOTTOM OF THE 9TH
Syracuse Storm batting - Pitching for Bellevue Bruins : RHP Alfonso Santa Maria
Pitching: RHP Jin Kwon
Batting: RHB Jim Unknown 0-0: Ball
1-0: Ball
2-0: Ball
3-0: Called Strike
3-1: Called Strike
3-2: Base on Balls
Batting: RHB Scotty Smalls 0-0: Called Strike
0-1: Foul Ball, location: 2F
0-2: SINGLE (Groundball, 6S) (infield hit)
Jim Unknown to second
Pinch Hitting: LHB Jim Unknown 0-0: Ball
1-0: Called Strike
1-1: Ground out 5-3 (Groundball, 5D)
Jim Unknown to third
Scotty Smalls to second
Pinch Hitting: LHB King Randell 0-0: Called Strike
0-1: Swinging Strike
0-2: SINGLE (Groundball, 34D)
Jim Unknown scores
Scotty Smalls to third
Runner from 3rd tries for Home, SAFE, throw made home
Pinch Runner at 1st Jim Unknown:
Batting: RHB José Colón 0-0: Ball
1-0: Foul Ball, location: 2F
1-1: Swinging Strike
1-2: Strikes out looking
Batting: RHB Tom Boyer 0-0: Foul Ball, location: 2F
0-1: Foul Ball, location: 2F
0-2: Ball
1-2: Ball
2-2: Ground out 1-3 (Groundball, 13S)
Bottom of the 9th over - 2 run(s), 2 hit(s), 0 error(s), 1 left on base; Bellevue 5 - Syracuse 4
Saturday, May 26th, 2018 - OOTP Baseball 17.12 Build 75